 Dungeon Crawl Stone Soup version 0.18.1-8-gdd0e5ea (webtiles) character file.

91 Lul the Skirmisher (level 4, 0/37 HPs)
             Began as a Demonspawn Abyssal Knight on June 8, 2016.
             Was a Follower of Lugonu.
             Slain by Ery's ghost (3 damage)
             ... on level 3 of the Dungeon.
             The game lasted 00:14:31 (1746 turns).

Lul the Skirmisher (Demonspawn Abyssal Knight)      Turns: 1746, Time: 00:14:32

Health: 0/37       AC:  9    Str: 19    XL:     4   Next: 34%
Magic:  5/5        EV: 11    Int: 13    God:    Lugonu [*.....]
Gold:   143        SH:  3    Dex: 12    Spells: 0 memorised, 3 levels left

rFire  . . .     SeeInvis .     a - +1 falchion
rCold  . . .     Gourm    .     j - +0 ring mail
rNeg   . . .     Faith    .     g - +0 buckler
rPois  .         Spirit   .     p - +1 helmet
rElec  .         Dismiss  .     o - +0 cloak
rCorr  .         Reflect  .     (no gloves)
SustAt .         Harm     .     h - +0 pair of boots
MR     .....                    (no amulet)
Stlth  +.........               (no ring)
                                (no ring)

@: mighty, flying (expiring), not resistant to hostile enchantments, very
unstealthy
A: powered by death 1, sturdy frame 1
a: Depart the Abyss, Renounce Religion


You were on level 3 of the Dungeon.
You worshipped Lugonu.
Lugonu was aware of your devotion.
You were not hungry.

You visited 1 branch of the dungeon, and saw 3 of its levels.
You visited the Abyss 1 time.

You collected 143 gold pieces.

Inventory:

Hand Weapons
 a - a +1 falchion (weapon)
Armour
 b - a +0 leather armour
 e - a +0 chain mail
 g - a +0 buckler (worn)
 h - a +0 pair of boots (worn)
 j - a +0 ring mail (worn)
 o - a +0 cloak (worn)
 p - a +1 helmet (worn)
Scrolls
 m - a scroll of enchant weapon {unknown}
 n - a scroll of teleportation {unknown}
 q - a scroll of identify {unknown}
Potions
 k - a potion of flight
Comestibles
 c - 2 bread rations
 f - 4 chunks of flesh


   Skills:
 + Level 3.7 Fighting
 + Level 2.4 Long Blades
 + Level 2.4 Armour
 + Level 2.0 Dodging
 + Level 0.2 Stealth
 + Level 0.5 Shields
 + Level 2.4 Invocations


You had 3 spell levels left.
You didn't know any spells.

Dungeon Overview and Level Annotations

Branches:
Dungeon (3/15)

Altars:
Okawaru
Pakellas

Annotations:
D:3 Ery's ghost, amateur MiBe


Innate Abilities, Weirdness & Mutations

You regenerate a little health from kills.
Your movements are slightly less encumbered by armour (ER -2).


Message History

Ery's ghost is moderately damaged.
Ery's ghost hits you!
Drink which item? (? for menu, Esc to quit)
It was a potion of might.
You feel very mighty all of a sudden. Ery's ghost completely misses you.
You barely miss Ery's ghost.
Ery's ghost is moderately damaged.
Ery's ghost hits you!
* * * LOW HITPOINT WARNING * * *
Drink which item? (? for menu, Esc to quit)
You feel better.
You are starting to lose your buoyancy.
Ery's ghost hits you!
* * * LOW HITPOINT WARNING * * *
Unknown command.
You slash Ery's ghost!
Ery's ghost is heavily damaged.
Ery's ghost hits you.
You die...

#.# #.# #.#.#
#.# #.# #.#.#
#(# #.# #.#.#
#(###.## #.#.#
#.#....# #.#.#
#.#.#..# #.#.#
#(#.#..# #.#.#.
#.#.#..# #.#.#.
#@#.#..# #.#.#.
#W#.#..# #.#.##
#.#.#..# #)#.#
#.#.#..# #)#.##
#.#.#..# #)#...
#!#.#..# #.####
#.#.# #.#
#.#.#########.#
#...........#


You could see Ery's ghost.

Vanquished Creatures
  An orc wizard (D:3)
  2 adders (D:2)
  A dart slug (D:1)
  3 giant geckos
  4 orcs (D:3)
  5 bats
  A giant cockroach (D:3)
  4 goblins
  2 hobgoblins
  4 jackals (D:2)
  3 kobolds
  A giant newt (D:1)
  2 rats (D:1)
33 creatures vanquished.

Notes
Turn   | Place    | Note
--------------------------------------------------------------
     0 | Abyss:1  | Lul the Demonspawn Abyssal Knight began the quest for the Orb.
     0 | Abyss:1  | Reached XP level 1. HP: 18/18 MP: 2/2
    54 | Abyss:2  | Noticed a vampire mage
    56 | Abyss:2  | Noticed a jiangshi
    71 | Abyss:2  | Noticed a thrashing horror
    76 | D:1      | Escaped the Abyss
   311 | D:1      | Reached skill level 1 in Dodging
   337 | D:1      | Reached * piety under Lugonu
   435 | D:1      | Gained mutation: Your movements are slightly less encumbered by armour (ER -2). [demonic ancestry]
   435 | D:1      | Reached XP level 2. HP: 24/24 MP: 3/3
  1011 | D:2      | Gained mutation: You regenerate a little health from kills. [demonic ancestry]
  1011 | D:2      | Reached XP level 3. HP: 29/29 MP: 4/4
  1217 | D:2      | Found an oddly glowing altar of Pakellas.
  1218 | D:2      | Noticed a rakshasa
  1395 | D:3      | Found an iron altar of Okawaru.
  1527 | D:3      | Reached XP level 4. HP: 12/37 MP: 5/5
  1724 | D:3      | Noticed Ery's ghost (amateur MiBe)
  1746 | D:3      | Slain by Ery's ghost

Skill      XL: |  1  2  3  4 |
---------------+-------------+-----
Dodging        | 1 2 |  2.0
Long Blades    | 2 |  2.4
Armour         | 2 |  2.4
Fighting       | |  3.7
Stealth        | |  0.2
Shields        | |  0.5
Invocations    | |  2.4

Action                   |  1- 3 |  4- 6 || total
-------------------------+-------+-------++-------
Melee: Falchion          |   124 |    36 ||   160
Invok: Depart the Abyss  |     1 |       ||     1
  Use: Potion            |     2 |     4 ||     6
  Eat: Chunk             |     1 |     1 ||     2
       Fruit             |     1 |       ||     1
Armor: Ring mail         |    51 |     6 ||    57
       Chain mail        |     2 |       ||     2
       Skin              |    12 |    12 ||    24
Dodge: Dodged            |    54 |    16 ||    70
Block: Buckler           |    24 |     4 ||    28
